 Dungeon Crawl Stone Soup version 0.29.1-1-gd02db6906a (webtiles) character file.

Game seed: 18178695152050566366

291 unlimited1921 the Magician (level 6, -1/40 HPs)
             Began as a Djinni Fire Elementalist on Sept 25, 2022.
             Was an Initiate of Ashenzari.
             Slain by a vampire (5 damage)
             ... created by the anger of Yredelemnul
             ... on level 3 of the Dungeon.
             The game lasted 00:16:17 (6953 turns).

unlimited1921 the Magician (DjFE)                   Turns: 6953, Time: 00:16:17

Health: -1/40      AC:  3    Str:  7    XL:     6   Next: 59%
Gold:   243        EV: 12    Int: 18    God:    Ashenzari [......] SH:  0 Dex: 14

rFire   + + .      SeeInvis .   n - +1 dagger (protect)
rCold   x . .      Faith    .   (no shield)
rNeg    . . .      Spirit   .   t - +1 robe {Will+}
rPois   ∞          Reflect  .   (no helmet)
rElec   .          Harm     .   (no cloak)
rCorr   .          Rampage  .   (no gloves)
Will    +....                   (boots unavailable)
Stlth   ++........              (no amulet)
HPRegen 0.13/turn               (no ring)
MPRegen 0.00/turn               (no ring)

@: flying, hasted, very quick
A: sickness immunity, fire resistance 2, cold vulnerability 1, float, innate
caster, HP casting, extra vitality 1
a: Renounce Religion


You were on level 3 of the Dungeon.
You worshipped Ashenzari.
Ashenzari was noncommittal.
You visited 1 branch of the dungeon, and saw 4 of its levels.

You collected 243 gold pieces.

Inventory:

Hand Weapons
 i - a +0 war axe
 n - a +1 dagger of protection (weapon)
Missiles
 a - 3 poisoned darts
 l - 41 stones
 s - 3 silver boomerangs
Armour
 e - a +0 ring mail
 t - a +1 robe of willpower (worn)
Wands
 w - a wand of digging (5)
Scrolls
 c - a scroll of immolation {unknown}
 h - a scroll of butterflies {unknown}
 j - a scroll of fear {unknown}
 k - 4 scrolls of identify {unknown}
 m - a scroll of magic mapping {unknown}
 q - 3 scrolls of teleportation {unknown}
 v - a scroll of enchant armour {unknown}
 x - a scroll of noise {unknown}
Potions
 b - a potion of might {unknown}
 d - a potion of berserk rage {unknown}
 f - a potion of lignification {unknown}
 g - 2 potions of resistance {unknown}
 o - 2 potions of cancellation {unknown}
 p - a potion of mutation {unknown}
 r - 3 potions of flight {unknown}


   Skills:
 + Level 0.2 Fighting
 + Level 0.4 Axes
 + Level 2.6 Dodging
 + Level 2.3 Stealth
 + Level 4.9 Spellcasting


You couldn't memorise any spells.
You knew the following spells:

 Your Spells              Type           Power      Damage    Failure   Level
a - Foxfire               Conj/Fire      88%        2x1d8     1%          1
b - Scorch                Fire           44%        2d7       2%          2
c - Conjure Flame         Conj/Fire      22%        6-21      5%          3
d - Inner Flame           Hex/Fire       22%        N/A       5%          3
e - Flame Wave            Conj/Fire      22%        2d8       19%         4
f - Necrotise             Necr           88%        1d8       1%          1
g - Call Imp              Summ           22%        N/A       2%          2
Your spell library was empty.

Dungeon Overview and Level Annotations

Branches:
Dungeon (4/15)
 Temple: D:4-7

Altars:
Ashenzari
Elyvilon
Yredelemnul


Innate Abilities, Weirdness & Mutations

You are immune to sickness and miasma.
You are immune to poison.
Your flesh is very heat resistant. (rF++)
You are vulnerable to cold. (rC-)
You float through the air rather than walking.
You learn spells naturally, not from books.
Your magical power is your life essence.
You have superior vitality. (+4 MHP)


Message History

There is a stone staircase leading down here.
You start resting.
Yredelemnul sends servants to punish you. 2 vampires come into view.
Casting: Scorch (safe; 2% risk of failure)
Confirm with . or Enter, or press ? or * to list all spells.
A beastly little devil appears in a puff of flame.
Your crimson imp hits the vampire.
Your crimson imp hits the vampire but does no damage.
Casting: Call Imp (safe; 2% risk of failure)
Confirm with . or Enter, or press ? or * to list all spells.
Okay, then.
Press: ? - help, v - describe, . - travel
Here: a vampire (durably summoned)
The floor.
Casting: Call Imp (safe; 2% risk of failure)
Confirm with . or Enter, or press ? or * to list all spells.
You don't know that spell.
Casting: Call Imp (safe; 2% risk of failure)
Confirm with . or Enter, or press ? or * to list all spells.
Okay, then.
Unknown command.
Casting: Call Imp (safe; 2% risk of failure)
Confirm with . or Enter, or press ? or * to list all spells.
Aiming: Inner Flame (dangerous; 5% risk of failure)
Press: ? - help, Dir - move target, f - vampire
Aim: a vampire (durably summoned, chance to affect: 62%)
The vampire resists with significant effort.
The vampire hits you! The vampire bites you.
The vampire attacks as you move away! The vampire hits you.
The vampire misses you.
Your crimson imp misses the vampire.
The vampire attacks as you move away! The vampire hits you!
* * * LOW HITPOINT WARNING * * *
The vampire bites you.
* * * LOW HITPOINT WARNING * * *
Casting: Inner Flame (dangerous; 5% risk of failure)
Confirm with . or Enter, or press ? or * to list all spells.
Okay, then.
You feel yourself speed up. The vampire hits you.
You die...

.######.#'####.#.##..............
.# #).......#.##.#..##...####. .#
#........#[................ .#
#.......>.))).........####. .#
#.#.####5#..#######.#.####. .#
#.#.# #V#................. .#
#.#.# #.##.#########.#....
.######.#.# #V##.## #.....#.##.
........#.# #.V@..# #.#####.##.
.########.# ####..# #.# #.##'
.#........#######..# #.# #.#..
.#.................# #.#####.#..
.#.............###.####.......#..
Z######........# #..))##########.
.# #........# ####.#### #... .#
#........######.)..# #.#. .#
#....####......)#..## #.#.


You could see 2 vampires.

Vanquished Creatures
  A phantom (D:4)
  An orc priest (D:3)
  An orc wizard (D:3)
  A spectral orc (D:3)
  4 adders
  4 gnolls (D:3)
  An adder zombie (D:3)
  An orc zombie (D:3)
  A worm (D:2)
  2 dart slugs
  5 orcs
  6 ball pythons
  5 bats
  A bat zombie (D:3)
  9 endoplasms
  5 giant cockroaches
  6 goblins
  4 hobgoblins
  A jackal (D:4)
  7 kobolds
  3 quokkas
  A ball python zombie (D:3)
  3 frilled lizards
  A goblin zombie (D:3)
  7 rats
81 creatures vanquished.

Vanquished Creatures (others)
  95 foxfires
  A plant (D:1)
  7 withered plants (D:2)
103 creatures vanquished.

Grand Total: 184 creatures vanquished

Notes
Turn   | Place    | Note
-------+----------+-------------------------------------------
     0 | D:1      | unlimited1921 the Djinni Fire Elementalist began the quest
                  | for the Orb.
     0 | D:1      | unlimited1921 set off with the following spells memorised:
                  | Foxfire, Scorch, Conjure Flame, Inner Flame, Flame Wave.
     0 | D:1      | Reached XP level 1. HP: 15/15 MP: 0/0
   242 | D:1      | Reached XP level 2. HP: 18/21 MP: 0/0
  1791 | D:1      | Reached skill level 3 in Spellcasting
  1792 | D:1      | Reached XP level 3. HP: 12/25 MP: 0/0
  1792 | D:1      | Learned a level 1 spell: Necrotise
  3575 | D:2      | Found a basalt altar of Yredelemnul.
  3587 | D:2      | Became a worshipper of Yredelemnul the Dark
  3798 | D:2      | Found a faded altar of an unknown god.
  4124 | D:2      | Reached XP level 4. HP: 29/31 MP: 0/0
  4292 | D:2      | Reached * piety under Yredelemnul
  5148 | D:3      | Reached skill level 4 in Spellcasting
  5148 | D:3      | Reached XP level 5. HP: 11/35 MP: 0/0
  5148 | D:3      | Learned a level 2 spell: Call Imp
  5735 | D:3      | Found a white marble altar of Elyvilon.
  6131 | D:3      | Reached XP level 6. HP: 22/40 MP: 0/0
  6641 | D:4      | Found a broken altar of Ashenzari.
  6684 | D:4      | Fell from the grace of Yredelemnul
  6684 | D:4      | Became a worshipper of Ashenzari the Shackled
  6945 | D:3      | Noticed a vampire
  6945 | D:3      | Noticed a vampire
  6953 | D:3      | Slain by a vampire

Illustrated notes

Levels and vault maps discovered:
D:1:      lightli_arrival_statuegarden, layout_basic
D:2:      layout_basic, basic_altar, ebering_ecumenical_altar_petrified,
          minmay_hedge_maze, minmay_tetromino_t4
D:3:      layout_basic, mainiacjoe_overflow_six_doors_small,
          grunt_decor_resistance
D:4:      layout_gridville, lightli_temple_of_fire, nicolae_ashenzari_skybound,
          minmay_checkerbox

Skill      XL: |  1  2  3  4 |
---------------+-------------+-----
Spellcasting   | 3 4 |  4.9
Stealth        | 2 |  2.3
Fighting       | |  0.2
Axes           | |  0.4
Dodging        | |  2.6

Action                   |  1- 3 |  4- 6 || total
-------------------------+-------+-------++-------
Melee: Unarmed           |     1 |       ||     1
       Dagger            |    28 |    10 ||    38
       War axe           |     5 |       ||     5
       Punch             |     1 |       ||     1
 Cast: Foxfire           |    53 |     9 ||    62
       Scorch            |    24 |    37 ||    61
       Necrotise         |     5 |     4 ||     9
       Inner Flame       |       |    13 ||    13
       Call Imp          |       |     2 ||     2
  Use: Potion            |       |     1 ||     1
Armor: Robe              |     7 |       ||     7
Dodge: Dodged            |    12 |     2 ||    14
